 Dungeon Crawl Stone Soup version 0.31-a0-940-gdaa99269f9 (webtiles) character file.

Game seed: 14530108797074570934

10 protoss039 the Digger (level 2, 20/20 HPs)
             Began as a Demonspawn Earth Elementalist on Oct 20, 2023.
             Got out of the dungeon alive.
             The game lasted 00:00:34 (432 turns).

protoss039 the Digger (DsEE)                         Turns: 432, Time: 00:00:35

Health: 20/20      AC:  3    Str:  8    XL:     2   Next: 10%
Magic:  5/5        EV: 11    Int: 16    God:
Gold:   7          SH:  0    Dex: 13    Spells: 4/5 levels left

rFire   . . .        f - +2 dagger (vamp)
rCold   . . .        (no shield)
rNeg    . . .        e - +0 leather armour
rPois   .            (no helmet)
rElec   .            (no cloak)
rCorr   .            (no gloves)
SInv    .            (no boots)
Will    .....        (no amulet)
Stlth   ++           (no ring)
HPRegen 0.23/turn    (no ring)
MPRegen 0.09/turn

%: no passive effects
@: no status effects
A: foul stench 1
a: no special abilities


You escaped.
You visited 1 branch of the dungeon, and saw 1 of its levels.

You collected 7 gold pieces.

Inventory:

Hand Weapons
 f - a +2 vampiric dagger (weapon)
Armour
 e - a +0 leather armour (worn)
Scrolls
 c - a scroll of acquirement {unknown}
 d - a scroll of enchant weapon {unknown}
 g - a scroll of noise {unknown}
 h - a scroll of blinking {unknown}
Potions
 b - a potion of magic


   Skills:
 + Level 0.8 Fighting
 - Level 1.7 Dodging
 - Level 1.7 Stealth
 + Level 2.2 Spellcasting
 - Level 0.8 Transmutations
 + Level 2.9 Earth Magic


You had 4 spell levels left.
You knew the following spells:

 Your Spells              Type           Power      Damage    Failure   Level
a - Sandblast             Erth           22%        2d7       9%          1

Your spell library contained the following spells:

 Spells                   Type           Power      Damage    Failure   Level
 Passwall                 Tmut/Erth      5%         N/A       21%         2
 Stone Arrow              Conj/Erth      12%        3d7       43%         3
 Petrify                  Tmut/Erth      7%         N/A       80%         4
 Brom's Barrelling Bould  Conj/Erth      6%         2d3       85%         4


Dungeon Overview and Level Annotations

Branches:
Dungeon (1/15) Zot: 5566

Altars:


Innate Abilities, Weirdness & Mutations

You may rarely emit foul miasma when damaged in melee.


Message History

You have reached level 2!
Your demonic ancestry asserts itself...
You begin to emit a foul stench of rot and decay.
No target in view!
Unknown command.
Casting: Sandblast (safe; 9% risk of failure)
Confirm with . or Enter, or press ? or * to list all spells.
Aiming: Sandblast (safe; 9% risk of failure)
Press: ? - help, Shift-Dir - straight line, f - you That would be overly suicidal.
Okay, then.
Unknown command.
HP restored.
Found a faded altar of an unknown god.
No target in view!
A goblin comes into view. It is wielding a +0 club.
A goblin is nearby!
A goblin is nearby!
Found 5 poisoned darts.
A goblin is nearby!
Found 8 gold pieces.
A goblin is nearby!
The goblin barely misses you.
A goblin is nearby!
You hit the goblin.
The goblin is severely wounded.
The goblin hits you with a +0 club.
A goblin is nearby!
You barely miss the goblin.
The goblin is severely wounded.
The goblin hits you with a +0 club.
You hit the goblin.
You kill the goblin!
There is a faded altar of an unknown god here.
You see here a +0 dagger.
There is a stone staircase leading down here.
You see here a giant cockroach corpse.
You see here a stone.
There is a staircase leading out of the dungeon here.
You have escaped!

.##.#..##...# #.#######.###
.##....##.#.###### #.# #.#
# .##.....#.#......# #.#
#.### .#...............##
#.### ##...
........#.#####...###...###
#### ####...##.#
#.............# #
##..##.###.............# #
##.........###...###....# #
####......#@......#..... #
#.#....#.......#..... .
#.###.............##. # #.#
#......#......# # ...
#.............#
#......#.......#...
###....#.)....>#...
#....###...### . #.#. .....


There were no monsters in sight!

Vanquished Creatures
  2 ball pythons (D:1)
  A bat (D:1)
  A giant cockroach (D:1)
  2 goblins (D:1)
  A hobgoblin (D:1)
  A kobold (D:1)
8 creatures vanquished.

Notes
Turn   | Place    | Note
-------+----------+-------------------------------------------
     0 | D:1      | protoss039 the Demonspawn Earth Elementalist began the
                  | quest for the Orb.
     0 | D:1      | Reached XP level 1. HP: 13/13 MP: 3/3
   296 | D:1      | Gained mutation: You may rarely emit foul miasma when
                  | damaged in melee. [demonic ancestry]
   296 | D:1      | Reached XP level 2. HP: 14/20 MP: 5/5
   319 | D:1      | Found a faded altar of an unknown god.
   432 | D:$      | Got out of the dungeon alive.

Illustrated notes

Levels and vault maps discovered:
D:1:      minmay_arrival_open_corners, layout_loops_ring,
          nicolae_ecumenical_snake_handling

Action                     || total
---------------------------++-------
  Melee: Dagger            ||    12
         Whip              ||     6
         Punch             ||     1
   Cast: Sandblast         ||     5
   Stab: Sleeping          ||     1
 Armour: Leather armour    ||     9
  Dodge: Dodged            ||    14

Table legend: (Time is in decaauts)
 A = Elapsed time spent in this place.
 B = Non-inter-level travel time spent in this place.
 C = Inter-level travel time spent in this place.
 D = Time resting spent in this place.
 E = Time spent auto-exploring this place.
 F = Levels seen in this place.
 G = Mean time per level.
                   A        B        C        D        E       F      G
               +--------+--------+--------+--------+--------+-----+--------+
         Total |    433 |    332 |    101 |     25 |    216 |   1 |  433.0 |
       Dungeon |    433 |    332 |    101 |     25 |    216 |   1 |  433.0 |
               +--------+--------+--------+--------+--------+-----+--------+

Top non-repeatable levels by time:
     D:1: 433 daAuts
